TOP OF THE 1ST |
Pocatello Boccabellas batting - Pitching for Kansas City Kings : RHP Ron Young
|
Pitching: RHP Ron Young
|
|
Batting: RHB José García
|
0-0: Ball 1-0: Ground out 6-3 (Groundball, 6)
|
Batting: LHB Norberto Muñóz
|
0-0: Bunt for hit - play at first, batter OUT! 1-3
|
Batting: LHB Juan Cortés
|
0-0: Ball 1-0: Swinging Strike 1-1: Swinging Strike 1-2: Ball 2-2: Ball 3-2: Base on Balls
|
Batting: SHB Glenn Vadnais
|
0-0: Foul Ball, location: 2F 0-1: Ball 1-1: Ball 2-1: Foul Ball, location: 2F 2-2: Ball 3-2: Strikes out swinging
|
Top of the 1st over - 0 run(s), 0 hit(s), 0 error(s), 1 left on base; Pocatello 0 - Kansas City 0 |
BOTTOM OF THE 1ST |
Kansas City Kings batting - Pitching for Pocatello Boccabellas : RHP Kevin Bush
|
Pitching: RHP Kevin Bush
|
|
Batting: RHB Chris Chandler
|
0-0: Ball 1-0: Called Strike 1-1: Foul Ball, location: 2F 1-2: Ball 2-2: Ball 3-2: Fly out, F9 (Flyball, 9M)
|
Batting: RHB Toshimichi Kono
|
0-0: Called Strike 0-1: Called Strike 0-2: Strikes out swinging
|
Batting: RHB Dave Parker
|
0-0: Foul Ball, location: 2F 0-1: Called Strike 0-2: Ball 1-2: Ball 2-2: Ground out 5-3 (Groundball, 56)
|
Bottom of the 1st over - 0 run(s), 0 hit(s), 0 error(s), 0 left on base; Pocatello 0 - Kansas City 0 |
TOP OF THE 2ND |
Pocatello Boccabellas batting - Pitching for Kansas City Kings : RHP Ron Young
|
Batting: RHB Francisco Sandoval
|
0-0: Called Strike 0-1: Called Strike 0-2: Strikes out swinging
|
Batting: RHB Pedro Guzmán
|
0-0: Ball 1-0: Foul Ball, location: 2F 1-1: Ball 2-1: Foul Ball, location: 2F 2-2: Foul Ball, location: 2F 2-2: Ball 3-2: Foul Ball, location: 2F 3-2: Foul Ball, location: 2F 3-2: DOUBLE (Flyball, 8LXD)
|
Batting: SHB Guillermo Ortíz
|
0-0: Called Strike 0-1: Foul Ball, location: 2F 0-2: Foul Ball, location: 2F 0-2: Ball 1-2: Strikes out looking
|
Batting: RHB Chris Parker
|
0-0: Ball 1-0: Ball 2-0: Foul Ball, location: 2F 2-1: Ball 3-1: Base on Balls
|
Batting: RHB Fabrice Brodeur
|
0-0: Ball 1-0: Ball Wild Pitch! Pedro Guzmán to third Chris Parker to second 2-0: Called Strike 2-1: DOUBLE (Line Drive, 8LXD) Pedro Guzmán scores Chris Parker scores
|
Batting: RHB José García
|
0-0: Called Strike 0-1: Ball 1-1: Ball 2-1: Ball 3-1: Foul Ball, location: 2F 3-2: Base on Balls
|
Batting: LHB Norberto Muñóz
|
0-0: Ball 1-0: Foul Ball, location: 2F 1-1: Foul Ball, location: 2F 1-2: Ball 2-2: Foul Ball, location: 2F 2-2: Strikes out swinging
|
Top of the 2nd over - 2 run(s), 2 hit(s), 0 error(s), 2 left on base; Pocatello 2 - Kansas City 0 |
BOTTOM OF THE 2ND |
Kansas City Kings batting - Pitching for Pocatello Boccabellas : RHP Kevin Bush
|
Batting: LHB Pablo Reyes
|
0-0: Called Strike 0-1: Ball 1-1: Ground out 4-3 (Groundball, 34)
|
Batting: SHB Víctor Serrano
|
0-0: Ball 1-0: Swinging Strike 1-1: Ball 2-1: Swinging Strike 2-2: Fly out, F5 (Line Drive, 5S)
|
Batting: LHB Ray Spencer
|
0-0: Foul Ball, location: 2F 0-1: Foul Ball, location: 2F 0-2: Ball 1-2: Strikes out swinging
|
Bottom of the 2nd over - 0 run(s), 0 hit(s), 0 error(s), 0 left on base; Pocatello 2 - Kansas City 0 |
TOP OF THE 3RD |
Pocatello Boccabellas batting - Pitching for Kansas City Kings : RHP Ron Young
|
Batting: LHB Juan Cortés
|
0-0: Called Strike 0-1: DOUBLE (Flyball, 78D)
|
Batting: SHB Glenn Vadnais
|
0-0: Called Strike 0-1: Foul Ball, location: 2F 0-2: Ball 1-2: Fly out, F8 (Flyball, 8RXD) Runner from 2nd tags up, SAFE at 3rd, no throw
|
Batting: RHB Francisco Sandoval
|
0-0: Called Strike 0-1: Ground out 6-3 (Groundball, 6M) Juan Cortés scores
|
Batting: RHB Pedro Guzmán
|
0-0: Ball 1-0: Ball 2-0: Foul Ball, location: 2F 2-1: SINGLE (Groundball, 5D)
|
Batting: SHB Guillermo Ortíz
|
0-0: Ground out 3-1 (Groundball, 34)
|
Top of the 3rd over - 1 run(s), 2 hit(s), 0 error(s), 1 left on base; Pocatello 3 - Kansas City 0 |
BOTTOM OF THE 3RD |
Kansas City Kings batting - Pitching for Pocatello Boccabellas : RHP Kevin Bush
|
Batting: LHB Brian Boone
|
0-0: Ground out 4-3 (Groundball, 4)
|
Batting: LHB Vic Robertson
|
0-0: Ball 1-0: Ball 2-0: Ball 3-0: Called Strike 3-1: Foul Ball, location: 2F 3-2: Foul Ball, location: 2F 3-2: Foul Ball, location: 2F 3-2: Fly out, F7 (Flyball, 7M)
|
Batting: RHB Mario Franco
|
0-0: Foul Ball, location: 2F 0-1: Called Strike 0-2: Foul Ball, location: 2F 0-2: Foul Ball, location: 2F 0-2: Strikes out swinging
|
Bottom of the 3rd over - 0 run(s), 0 hit(s), 0 error(s), 0 left on base; Pocatello 3 - Kansas City 0 |
TOP OF THE 4TH |
Pocatello Boccabellas batting - Pitching for Kansas City Kings : RHP Ron Young
|
Batting: RHB Chris Parker
|
0-0: Called Strike 0-1: Ball 1-1: Foul Ball, location: 2F 1-2: Fly out, F4 (Popup, 4M)
|
Batting: RHB Fabrice Brodeur
|
0-0: Called Strike 0-1: Foul Ball, location: 2F 0-2: Strikes out looking
|
Batting: RHB José García
|
0-0: Ball 1-0: Called Strike 1-1: Ball 2-1: Foul Ball, location: 2F 2-2: Ball 3-2: Base on Balls
|
Batting: LHB Norberto Muñóz
|
0-0: Ball 1-0: Swinging Strike 1-1: Ball 2-1: Foul Ball, location: 2F 2-2: Foul Ball, location: 2F 2-2: Ball 3-2: SINGLE (Line Drive, 8RS) José García to second José García to third
|
Batting: LHB Juan Cortés
|
0-0: Ball 1-0: SINGLE (Line Drive, 8LS) José García scores Norberto Muñóz to second
|
Batting: SHB Glenn Vadnais
|
0-0: Ball 1-0: Foul Ball, location: 2F 1-1: Foul Ball, location: 2F 1-2: Ground out 6-3 (Groundball, 6)
|
Top of the 4th over - 1 run(s), 2 hit(s), 0 error(s), 2 left on base; Pocatello 4 - Kansas City 0 |
BOTTOM OF THE 4TH |
Kansas City Kings batting - Pitching for Pocatello Boccabellas : RHP Kevin Bush
|
Batting: RHB Chris Chandler
|
0-0: Called Strike 0-1: SINGLE (Groundball, 56S) (infield hit)
|
Pitching: RHP Mike Pierce
|
|
Batting: RHB Toshimichi Kono
|
0-0: Ball 1-0: Called Strike 1-1: Ball 2-1: Ball Wild Pitch! Chris Chandler to second 3-1: Foul Ball, location: 2F 3-2: Foul Ball, location: 2F 3-2: Base on Balls
|
Batting: RHB Dave Parker
|
0-0: SINGLE (Line Drive, 56) Chris Chandler to third Toshimichi Kono to second
|
Batting: LHB Pablo Reyes
|
0-0: Ball 1-0: Ball 2-0: Grounds into double play, 4-6-3 (Groundball, 4) Chris Chandler scores Toshimichi Kono to third
|
Batting: SHB Víctor Serrano
|
0-0: Ball 1-0: Foul Ball, location: 2F 1-1: Swinging Strike 1-2: Ball 2-2: Ball 3-2: Base on Balls
|
Batting: LHB Ray Spencer
|
0-0: Ground out U3 (Groundball, 3S)
|
Bottom of the 4th over - 1 run(s), 2 hit(s), 0 error(s), 2 left on base; Pocatello 4 - Kansas City 1 |
TOP OF THE 5TH |
Pocatello Boccabellas batting - Pitching for Kansas City Kings : RHP Ron Young
|
Pitching: RHP Mike Hodges
|
|
Batting: RHB Francisco Sandoval
|
0-0: Swinging Strike 0-1: Foul Ball, location: 2F 0-2: DOUBLE (Line Drive, 7LD)
|
Batting: RHB Pedro Guzmán
|
0-0: Swinging Strike 0-1: Ball 1-1: Ball 2-1: Swinging Strike 2-2: Ball 3-2: Foul Ball, location: 2F 3-2: Strikes out swinging
|
Batting: SHB Guillermo Ortíz
|
0-0: Called Strike 0-1: Fly out, F4 (Popup, 4MD)
|
Batting: RHB Chris Parker
|
0-0: Ball 1-0: Ground out 4-3 (Groundball, 4)
|
Top of the 5th over - 0 run(s), 1 hit(s), 0 error(s), 1 left on base; Pocatello 4 - Kansas City 1 |
BOTTOM OF THE 5TH |
Kansas City Kings batting - Pitching for Pocatello Boccabellas : RHP Mike Pierce
|
Batting: LHB Brian Boone
|
0-0: Foul Ball, location: 2F 0-1: Foul Ball, location: 2F 0-2: Ball 1-2: Strikes out swinging
|
Batting: LHB Vic Robertson
|
0-0: Ball 1-0: Ball 2-0: Ground out 4-3 (Groundball, 13)
|
Batting: RHB Mario Franco
|
0-0: Ball 1-0: Called Strike 1-1: Fly out, F4 (Popup, 34D)
|
Bottom of the 5th over - 0 run(s), 0 hit(s), 0 error(s), 0 left on base; Pocatello 4 - Kansas City 1 |
TOP OF THE 6TH |
Pocatello Boccabellas batting - Pitching for Kansas City Kings : RHP Mike Hodges
|
Batting: RHB Fabrice Brodeur
|
0-0: Fly out, F9 (Flyball, 9S)
|
Batting: RHB José García
|
0-0: Ball 1-0: Called Strike 1-1: Ball 2-1: SINGLE (Flyball, 3D)
|
Batting: LHB Norberto Muñóz
|
0-0: Ball 1-0: Ball 2-0: Swinging Strike 2-1: Called Strike 2-2: Foul Ball, location: 2F 2-2: Foul Ball, location: 2F 2-2: Ball 3-2: Base on Balls José García to second
|
Batting: LHB Juan Cortés
|
0-0: Fielders Choice at 2nd, 6-4 (Groundball, 6M) José García to third
|
Batting: SHB Glenn Vadnais
|
0-0: Ball 1-0: Fly out, F9 (Flyball, 89XD)
|
Top of the 6th over - 0 run(s), 1 hit(s), 0 error(s), 2 left on base; Pocatello 4 - Kansas City 1 |
BOTTOM OF THE 6TH |
Kansas City Kings batting - Pitching for Pocatello Boccabellas : RHP Mike Pierce
|
Batting: RHB Chris Chandler
|
0-0: Ball 1-0: Ball 2-0: Ball 3-0: Called Strike 3-1: Ground out 6-3 (Groundball, 56)
|
Pitching: LHP Howard Bailey
|
|
Batting: RHB Toshimichi Kono
|
0-0: Called Strike 0-1: Ball 1-1: Foul Ball, location: 2F 1-2: SINGLE (Groundball, 56D)
|
Batting: RHB Dave Parker
|
0-0: Called Strike 0-1: Swinging Strike 0-2: SINGLE (Line Drive, 6D) Toshimichi Kono to second
|
Batting: LHB Pablo Reyes
|
0-0: Foul Ball, location: 2F 0-1: Ball 1-1: Ball 2-1: Ball 3-1: Called Strike 3-2: Grounds into double play, 1-4-3 (Groundball, 15)
|
Bottom of the 6th over - 0 run(s), 2 hit(s), 0 error(s), 1 left on base; Pocatello 4 - Kansas City 1 |
TOP OF THE 7TH |
Pocatello Boccabellas batting - Pitching for Kansas City Kings : RHP Mike Hodges
|
Pitching: RHP Ray Watkins
|
|
Batting: RHB Francisco Sandoval
|
0-0: Ball 1-0: Ball 2-0: Called Strike 2-1: Swinging Strike 2-2: Ground out 1-3 (Groundball, 15)
|
Batting: RHB Pedro Guzmán
|
0-0: Called Strike 0-1: Ball 1-1: Swinging Strike 1-2: Strikes out swinging
|
Batting: SHB Guillermo Ortíz
|
0-0: Ball 1-0: Ball 2-0: Ball 3-0: Foul Ball, location: 2F 3-1: DOUBLE (Groundball, 3L)
|
Batting: RHB Chris Parker
|
0-0: Ball 1-0: Foul Ball, location: 2F 1-1: Ball 2-1: Foul Ball, location: 2F 2-2: Strikes out swinging
|
Top of the 7th over - 0 run(s), 1 hit(s), 0 error(s), 1 left on base; Pocatello 4 - Kansas City 1 |
BOTTOM OF THE 7TH |
Kansas City Kings batting - Pitching for Pocatello Boccabellas : LHP Howard Bailey
|
Batting: SHB Víctor Serrano
|
0-0: Ball 1-0: Foul Ball, location: 2F 1-1: Ball 2-1: Ball 3-1: Swinging Strike 3-2: Foul Ball, location: 2F 3-2: Strikes out swinging
|
Batting: LHB Ray Spencer
|
0-0: Ball 1-0: SINGLE (Line Drive, 8RS)
|
Batting: LHB Brian Boone
|
0-0: Ball 1-0: Ball 2-0: Fielders Choice at 2nd, 3-6 (Groundball, 3)
|
Batting: LHB Vic Robertson
|
0-0: Called Strike Brian Boone is caught stealing 2nd base
|
Bottom of the 7th over - 0 run(s), 1 hit(s), 0 error(s), 0 left on base; Pocatello 4 - Kansas City 1 |
TOP OF THE 8TH |
Pocatello Boccabellas batting - Pitching for Kansas City Kings : RHP Ray Watkins
|
Batting: RHB Fabrice Brodeur
|
0-0: Foul Ball, location: 2F 0-1: Called Strike 0-2: Fly out, F9 (Line Drive, 89S)
|
Batting: RHB José García
|
0-0: Foul Ball, location: 2F 0-1: Ball 1-1: Ball 2-1: Ball 3-1: Base on Balls
|
Batting: LHB Norberto Muñóz
|
0-0: Called Strike 0-1: Called Strike 0-2: Ball 1-2: Foul Ball, location: 2F 1-2: Strikes out swinging
|
Batting: LHB Juan Cortés
|
0-0: Ball 1-0: Ball Wild Pitch! José García to second 2-0: Ball 3-0: Called Strike 3-1: Foul Ball, location: 2F 3-2: Base on Balls
|
Batting: SHB Glenn Vadnais
|
0-0: Swinging Strike 0-1: Swinging Strike 0-2: Ball 1-2: Foul Ball, location: 2F 1-2: Ball 2-2: Ground out 1-3 (Groundball, 23)
|
Top of the 8th over - 0 run(s), 0 hit(s), 0 error(s), 2 left on base; Pocatello 4 - Kansas City 1 |
BOTTOM OF THE 8TH |
Kansas City Kings batting - Pitching for Pocatello Boccabellas : LHP Howard Bailey
|
Batting: LHB Vic Robertson
|
0-0: Ball 1-0: Ground out U3 (Groundball, 3S)
|
Pitching: RHP Jesse Moser
|
|
Batting: RHB Mario Franco
|
0-0: Called Strike 0-1: Foul Ball, location: 2F 0-2: Ball 1-2: Foul Ball, location: 2F 1-2: Strikes out swinging
|
Batting: RHB Chris Chandler
|
0-0: Ball 1-0: Ball 2-0: Foul Ball, location: 2F 2-1: Ball 3-1: Base on Balls
|
Pitching: RHP Jaime Espinoza
|
|
Batting: RHB Toshimichi Kono
|
0-0: Ball 1-0: Called Strike 1-1: Ball 2-1: Foul Ball, location: 2F 2-2: Fielders Choice at 2nd, 6-4 (Groundball, 6)
|
Bottom of the 8th over - 0 run(s), 0 hit(s), 0 error(s), 0 left on base; Pocatello 4 - Kansas City 1 |
TOP OF THE 9TH |
Pocatello Boccabellas batting - Pitching for Kansas City Kings : RHP Ray Watkins
|
Pitching: RHP Alonso Jiménez
|
|
Batting: RHB Francisco Sandoval
|
0-0: Ball Reached via error on a dropped throw, E3
|
Batting: RHB Pedro Guzmán
|
0-0: Called Strike 0-1: Sac Bunt - play at first, batter OUT! 2-3 Francisco Sandoval to second
|
Batting: SHB Guillermo Ortíz
|
0-0: Ball Francisco Sandoval steals 3rd base 1-0: Called Strike 1-1: DOUBLE (Line Drive, 7LS) Francisco Sandoval scores
|
Batting: RHB Chris Parker
|
0-0: SINGLE (Groundball, 6MD) Guillermo Ortíz to third Runner from 3rd tries for Home, SAFE, throw made home Chris Parker to second
|
Batting: RHB Fabrice Brodeur
|
0-0: Ball 1-0: Foul Ball, location: 2F 1-1: Ground out 6-3 (Groundball, 6) Chris Parker to third
|
Batting: RHB José García
|
0-0: Called Strike 0-1: Ground out 5-3 (Groundball, 56)
|
Top of the 9th over - 2 run(s), 2 hit(s), 1 error(s), 1 left on base; Pocatello 6 - Kansas City 1 |
BOTTOM OF THE 9TH |
Kansas City Kings batting - Pitching for Pocatello Boccabellas : RHP Jaime Espinoza
|
Pitching: RHP Adrián Martínez
|
|
Batting: RHB Dave Parker
|
0-0: Foul Ball, location: 2F 0-1: Ball 1-1: Ground out 6-3 (Groundball, 6)
|
Batting: LHB Pablo Reyes
|
0-0: Swinging Strike 0-1: Called Strike 0-2: Strikes out swinging
|
Batting: SHB Víctor Serrano
|
0-0: Ball 1-0: Reached on error, E4 (Groundball, 4)
|
Batting: LHB Ray Spencer
|
0-0: SINGLE (Groundball, 3D) Víctor Serrano to third
|
Batting: LHB Brian Boone
|
0-0: Ground out 6-3 (Groundball, 6)
|
Bottom of the 9th over - 0 run(s), 1 hit(s), 1 error(s), 2 left on base; Pocatello 6 - Kansas City 1 |
|